 Dungeon Crawl Stone Soup version 0.19-a0-450-g98b348d (webtiles) character file.

60 Skanax the Grave Robber (level 3, 0/24 HPs)
             Began as a Demonspawn Necromancer on June 1, 2016.
             Slain by an adder (3 damage)
             ... on level 2 of the Dungeon.
             The game lasted 00:08:30 (1459 turns).

Skanax the Grave Robber (Demonspawn Necromancer)    Turns: 1459, Time: 00:08:30

Health: 0/24       AC:  2    Str:  8    XL:     3   Next: 80%
Magic:  0/6        EV: 12    Int: 17    God:
Gold:   92         SH:  0    Dex: 15    Spells: 3 memorised, 2 levels left

rFire  . . .     SeeInvis .     g - -1 hunting sling (curse)
rCold  + . .     Gourm    .     a - +0 robe
rNeg   . . .     Faith    .     (no shield)
rPois  .         Spirit   .     (no helmet)
rElec  .         Dismiss  .     (no cloak)
rCorr  .         Reflect  .     (no gloves)
SustAt .         Harm     .     (no boots)
MR     .....                    (no amulet)
Stlth  ++........               (no ring)
                                (no ring)

@: lethally poisoned (0 -> -9), not resistant to hostile enchantments,
unstealthy
A: agile 1, cold resistance 1, sturdy frame 1
a: no special abilities


You were on level 2 of the Dungeon.
You were hungry.

You visited 1 branch of the dungeon, and saw 2 of its levels.

You collected 92 gold pieces.

Inventory:

Hand Weapons
 d - a +0 dagger
 g - a cursed -1 hunting sling (weapon)
 n - a +0 dagger
 o - a +0 hunting sling
Missiles
 e - 45 stones
 h - 30 arrows
 k - 34 sling bullets (quivered)
Armour
 a - a +0 robe (worn)
Scrolls
 j - a scroll of blinking
Potions
 f - a potion of might
Books
 b - a book of Necromancy

   Spells                             Type                      Level
   a - Pain                           Necromancy                   1
   b - Animate Skeleton               Necromancy                   1
   c - Vampiric Draining              Necromancy                   3
   d - Regeneration                   Charms/Necromancy            3
   e - Animate Dead                   Necromancy                   4
   f - Control Undead                 Necromancy                   4
Comestibles
 c - 2 bread rations
 i - a slice of pizza
 l - a fruit
 m - 4 chunks of flesh


   Skills:
 + Level 0.3(0.4) Slings
 + Level 0.1(0.3) Throwing
 + Level 1.9 Dodging
 + Level 2.1 Stealth
 + Level 2.5 Spellcasting
 + Level 5.3 Necromancy


You had 2 spell levels left.
You knew the following spells:

 Your Spells              Type           Power        Failure   Level  Hunger
a - Pain                  Necr           ###.         2%          1    #......
b - Animate Skeleton      Necr           N/A          2%          1    #......
c - Regeneration          Chrm/Necr      ##........   21%         3    ###....


Dungeon Overview and Level Annotations

Branches:
Dungeon (2/15)

Altars:

Annotations:
D:2 Robin


Innate Abilities, Weirdness & Mutations

Your flesh is cold resistant. (rC+)
Your movements are slightly less encumbered by armour. (ER -2)
You are agile. (Dex +2)


Message History

Press: ? - help, Shift-Dir - straight line, f/p - adder
Aim: an adder (almost dead, chance to defeat MR: 84%)
The adder barely resists.
You feel sick.
Your adder skeleton closely misses the adder.
The adder bites you.
* * * LOW HITPOINT WARNING * * *
You are more poisoned.
The adder poisons you!
Your adder skeleton bites the adder.
Firing (i - inventory. (,) - cycle):
k - 35 sling bullets (quivered)
Press: ? - help, Shift-Dir - straight line, f/p - adder
Aim: an adder (almost dead)
You shoot a sling bullet. The sling bullet hits the adder.
You kill the adder!
* * * LOW HITPOINT WARNING * * *
You feel sick.
Your adder skeleton bites the adder.
* * * LOW HITPOINT WARNING * * *
You feel sick.
* * * LOW HITPOINT WARNING * * *
You feel sick. The adder bites you.
You die...

#,.....,,,..,#.**#..#****
*,*,*** #,.....,,,,..#.# #..#
*,*,*,, #....##***,#.#.###..#
*,*,***
#......,,,,#(#......#### *,*,*
*
..........,#.!.........#***,*,*
*
.....gg...*#..(.(.)....+,,,,*,*
*
.....gg...###.†.Z......#*****,*
* #..gg.g......†.†S......# *,*
* *#..gg....(.....@......# *,*
*##'####(..(.###...#### *,***
*,* #..(..# #...# *,,,, *,*
#.<...# #...# *,*** *,* #>.>..#
#...# *,*** *,* #.....# #...#
*,,,, ####+## #.....###...##
***** ......# #...........[#
......# ###..........# ***


You could see an adder and a friendly adder skeleton.

Vanquished Creatures
  2 adders (D:2)
  A dart slug (D:2)
  2 giant geckos
  3 bats (D:1)
  2 giant cockroaches (D:1)
  11 goblins
  5 hobgoblins
  A giant newt (D:1)
  3 kobolds (D:1)
  4 rats
34 creatures vanquished.

Vanquished Creatures (collateral kills)
  2 goblins (D:2)
2 creatures vanquished.

Grand Total: 36 creatures vanquished

Notes
Turn   | Place    | Note
--------------------------------------------------------------
     0 | D:1      | Skanax the Demonspawn Necromancer began the quest for the Orb.
     0 | D:1      | Reached XP level 1. HP: 13/13 MP: 3/3
     2 | D:1      | Learned a level 1 spell: Animate Skeleton
   298 | D:1      | Gained mutation: Your flesh is cold resistant. (rC+) [demonic ancestry]
   298 | D:1      | Reached XP level 2. HP: 18/19 MP: 1/5
   393 | D:1      | Reached skill level 5 in Necromancy
   502 | D:1      | Gained mutation: You are agile. (Dex +2) [potion of beneficial mutation]
   959 | D:2      | Noticed Robin
  1349 | D:2      | Gained mutation: Your movements are slightly less encumbered by armour. (ER -2) [demonic ancestry]
  1349 | D:2      | Reached XP level 3. HP: 24/24 MP: 4/6
  1354 | D:2      | Learned a level 3 spell: Regeneration
  1459 | D:2      | Slain by an adder

Vault maps used:
D:1:      matt_arrival_los_fun
D:2:      uniq_natasha, uniq_robin

Skill      XL: |  1  2  3 |
---------------+----------+-----
Necromancy     | 5 |  5.3
Stealth        | 2 |  2.1
Slings         | |  0.3
Throwing       | |  0.1
Dodging        | |  1.9
Spellcasting   | |  2.5

Action                   || total
-------------------------++-------
Melee: Dagger            ||    20
 Fire: Hunting sling     ||    19
Throw: Stone             ||    11
 Cast: Pain              ||    43
       Animate Skeleton  ||     8
  Use: Potion            ||     4
       Scroll            ||     4
  Eat: Fruit             ||     1
       Chunk             ||     1
Armor: Robe              ||     3
Dodge: Dodged            ||    28
